 Dungeon Crawl Stone Soup version 0.21.1-1-g345015f (webtiles) character file.

3301 RudyRod the Carver (level 10, -6/76 HPs)
             Began as a Formicid Fighter on May 6, 2018.
             Was a Priest of Okawaru.
             Mangled by Menkaure (18 damage)
             ... on level 7 of the Dungeon.
             The game lasted 00:34:07 (8079 turns).

RudyRod the Carver (Formicid Fighter)               Turns: 8079, Time: 00:34:08

Health: -6/76      AC:  8    Str: 25    XL:     10   Next: 20%
Magic:  10/10      EV: 15    Int:  9    God:    Okawaru [***...]
Gold:   425        SH: 11    Dex: 13    Spells: 9/9 levels left

rFire    . . .     SeeInvis +   h - +0 great sword
rCold    + . .     Gourm    .   c - +0 shield
rNeg     . . .     Faith    .   F - +3 leather armour {rC+}
rPois    .         Spirit   .   (helmet unavailable)
rElec    .         Reflect  .   (no cloak)
rCorr    .         Harm     .   (no gloves)
MR       +....                  t - +0 pair of boots
Stlth    ++........             (no amulet)
HPRegen  0.22/turn              (no ring)
MPRegen  0.12/turn              (no ring)

@: mighty
A: permanent stasis, dig shafts and tunnels, four strong arms, antennae 3
a: Dig, Shaft Self, Heroism, Renounce Religion


You were on level 7 of the Dungeon.
You worshipped Okawaru.
Okawaru was most pleased with you.
You were not hungry.

You visited 2 branches of the dungeon, and saw 8 of its levels.
You also visited: Ossuary.

You collected 425 gold pieces.

Inventory:

Hand Weapons
 a - a +0 long sword
 h - a +0 great sword (weapon)
 k - the +4 Vampire's Tooth {vamp}
   (You found it on level 5 of the Dungeon)

   It inflicts no extra harm, but heals its wielder when it wounds a living foe.
 n - a +2 hunting sling of flaming
 E - a +3 rapier
Armour
 b - a +0 scale mail
 c - a +0 shield (worn)
 s - the -5 cloak of the Armoured One {MR+ Str+4 Int+3 Dex+2}
   (You found it on level 5 of the Dungeon)

   It affects your strength (+4).
   It affects your intelligence (+3).
   It affects your dexterity (+2).
   It affects your resistance to hostile enchantments.
 t - a +0 pair of boots (worn)
 D - a +0 ring mail of poison resistance
 F - a +3 leather armour of cold resistance (worn)
Jewellery
 g - an uncursed ring of positive energy {unknown}
 G - a cursed ring of loudness {unknown}
 L - an uncursed ring of positive energy {unknown}
 P - an uncursed ring of magical power {unknown}
Wands
 l - a wand of paralysis (25)
 o - a wand of disintegration (1)
 u - a wand of iceblast (17)
 x - a wand of acid (12)
 A - a wand of scattershot (5)
 M - a wand of flame (15)
Scrolls
 j - 6 scrolls of remove curse
 m - 13 scrolls of identify
 r - a scroll of teleportation {unknown}
 w - a scroll of amnesia
 y - a scroll of fear {unknown}
 H - 2 scrolls of magic mapping
 I - a scroll of enchant weapon {unknown}
 K - a scroll of enchant armour {unknown}
Potions
 d - a potion of might
 e - 3 potions of haste {unknown}
 i - a potion of berserk rage {unknown}
 p - a potion of brilliance {unknown}
 q - 5 potions of curing
 v - a potion of flight {unknown}
 z - a potion of agility
 B - a potion of ambrosia {unknown}
 J - 2 potions of lignification {unknown}
 N - a potion of resistance {unknown}
 O - a potion of invisibility {unknown}
 Q - a potion of cancellation
Books
 C - a book of Maledictions

   Spells                             Type                      Level
   a - Corona                         Hexes                        1
   b - Ensorcelled Hibernation        Hexes/Ice                    2
   c - Confuse                        Hexes                        3
   d - Tukima's Dance                 Hexes                        3
   e - Dazzling Spray                 Conjuration/Hexes            3
Comestibles
 f - 8 rations


   Skills:
 + Level 6.0 Fighting
 + Level 8.4 Long Blades
 + Level 5.5 Armour
 * Level 6.2 Dodging
 + Level 1.6 Stealth
 + Level 8.0 Shields


You had 9 spell levels left.
You didn't know any spells.

Dungeon Overview and Level Annotations

Branches:
Dungeon (7/15)             Temple (1/1) D:4

Altars:
Ashenzari
Cheibriados
Dithmenos
Elyvilon
Fedhas
Gozag
Hepliaklqana
Kikubaaqudgha
Makhleb
Nemelex Xobeh
Okawaru
Qazlal
Ru
Sif Muna
Trog
Wu Jian
Xom
Yredelemnul
Zin
The Shining One

Shops:
D:4 [

Annotations:
D:7 Menkaure


Innate Abilities, Weirdness & Mutations

You cannot be hasted, slowed, berserked, paralysed or teleported.
You can dig through walls and to a lower floor.
Your four strong arms can wield two-handed weapons with a shield.
You have a pair of large antennae on your head. (SInv)


Message History

Menkaure calls on the powers of darkness!
Your body is wracked with pain!
* * * LOW HITPOINT WARNING * * *
The howler monkey convulses!
The howler monkey hoots and howls with incredible vigour!
Menkaure hums, "Let me perform the rites..."
You block Menkaure's attack.
You feel better.
Menkaure calls on the powers of darkness!
Your body is wracked with pain!
* * * LOW HITPOINT WARNING * * *
The howler monkey convulses!
The howler monkey hoots and howls with incredible vigour!
You feel very mighty all of a sudden. Menkaure hits you.
* * * LOW HITPOINT WARNING * * *
You slash Menkaure!
Menkaure is almost destroyed.
Menkaure hits you!!
You die...

# #..........# #
#.####.#...#.# ####
#.##..#.# .... {
#.# #...# ....
####.+{##..# ....
#....###.#..#
......####.##..##..
.......<...#...###.
....$.###.....hM@#
.... {#..#...###
###. #..##..#
#..###.# #..'{##..
#..# .## #..# ##
#..


You could see Menkaure and a howler monkey.

Vanquished Creatures
  Sigmund (D:3)
  Eustachio (D:4)
  A hungry ghost (D:7)
  Duvessa (D:6)
  An ice beast (D:5)
  An orc warrior (D:6)
  3 sky beasts
  2 black bears
  A phantom (D:5)
  A centaur (D:6)
  A bullfrog (D:6)
  Dowan (D:6)
  2 howler monkeys
  2 vampire bats (D:5)
  A bullfrog zombie (Ossuary)
  2 crimson imps
  2 hounds
  2 bullfrog skeletons
  A gnoll shaman (D:5)
  6 orc priests
  Jessica (D:2)
  Ijyb (D:3)
  9 orc wizards
  5 worker ants
  A killer bee zombie (Ossuary)
  2 hound zombies
  21 mummies
  A howler monkey zombie (D:6)
  2 worker ant zombies (Ossuary)
  7 gnolls
  8 adders
  A shadow imp (D:5)
  An ooze (D:7)
  2 adder zombies (Ossuary)
  4 dart slugs
  4 worms
  6 leopard geckos
  25 orcs
  11 giant cockroaches
  7 goblins
  9 hobgoblins
  12 jackals
  2 quokkas
  A ball python (D:2)
  16 bats
  2 frilled lizards (D:1)
  A jackal zombie (Ossuary)
  8 kobolds
  A leopard gecko skeleton (D:6)
  A quokka zombie (Ossuary)
  6 rats
  A withered plant (Ossuary)
212 creatures vanquished.

Vanquished Creatures (others)
  3 withered plants (Ossuary)
3 creatures vanquished.

Grand Total: 215 creatures vanquished

Notes
Turn   | Place    | Note
-------+----------+-------------------------------------------
     0 | D:1      | RudyRod the Formicid Fighter began the quest for the Orb.
     0 | D:1      | Reached XP level 1. HP: 18/18 MP: 1/1
    71 | D:1      | Reached XP level 2. HP: 19/24 MP: 2/2
   289 | D:1      | Reached XP level 3. HP: 28/29 MP: 3/3
  1131 | D:2      | Noticed Jessica
  1135 | D:2      | Killed Jessica
  1135 | D:2      | Reached XP level 4. HP: 37/37 MP: 4/4
  1547 | D:2      | Reached XP level 5. HP: 25/42 MP: 5/5
  1660 | D:2      | Reached skill level 1 in Dodging
  1698 | D:2      | Reached XP level 6. HP: 12/48 MP: 6/6
  2008 | D:2      | Found a white marble altar of Elyvilon.
  2109 | D:2      | Found a glowing golden altar of the Shining One.
  2234 | D:3      | Noticed Sigmund
  2273 | D:3      | Killed Sigmund
  2273 | D:3      | Reached XP level 7. HP: 28/54 MP: 7/7
  2443 | D:3      | Noticed Ijyb
  2470 | D:3      | Killed Ijyb
  2470 | D:3      | Reached skill level 5 in Shields
  2697 | D:3      | Found a stormy altar of Qazlal.
  3047 | D:3      | Found a glowing golden altar of the Shining One.
  3164 | D:3      | Reached skill level 1 in Stealth
  3740 | D:4      | Found Ossir's Antique Armour Emporium.
  3776 | D:4      | Reached skill level 5 in Long Blades
  3920 | D:4      | Found a staircase to the Ecumenical Temple.
  3928 | D:4      | Noticed Eustachio
  3933 | Temple   | Entered the Ecumenical Temple
  4016 | Temple   | Became a worshipper of Warmaster Okawaru
  4107 | D:4      | Reached XP level 8. HP: 32/61 MP: 8/8
  4128 | D:4      | Killed Eustachio
  4128 | D:4      | Reached skill level 5 in Armour
  4746 | D:5      | Entered Level 5 of the Dungeon
  4752 | D:5      | Found a sacrificial altar of Ru.
  4838 | D:5      | Found the +4 Vampire's Tooth {vamp}
  4942 | D:5      | Reached * piety under Okawaru
  5479 | D:5      | Reached XP level 9. HP: 63/67 MP: 9/9
  5634 | D:5      | Got a jewelled cloak
  5640 | D:5      | Identified the cursed -5 cloak of the Armoured One {MR+ Str+4 Int+3 Dex+2} (You found it on level 5 of the Dungeon)
  5667 | D:5      | Reached skill level 5 in Fighting
  6178 | D:6      | Reached ** piety under Okawaru
  6440 | D:6      | Noticed Duvessa
  6440 | D:6      | Noticed Dowan
  6464 | D:6      | Killed Duvessa
  6473 | D:6      | Killed Dowan
  6514 | D:6      | Reached skill level 5 in Dodging
  7040 | D:7      | Noticed Menkaure
  7127 | D:7      | Found a sacrificial altar of Ru.
  7521 | D:7      | Reached XP level 10. HP: 76/76 MP: 10/10
  7562 | D:7      | Found a sand-covered staircase.
  7571 | Ossuary  | Entered an ossuary
  7584 | Ossuary  | Reached *** piety under Okawaru
  8079 | D:7      | Mangled by Menkaure

Skill      XL: |  1  2  3  4  5  6  7  8  9 10 |
---------------+-------------------------------+-----
Shields        | 4 5 6 7 8 |  8.0
Armour         | 4 5 |  5.5
Long Blades    | 3 4 5 7 8 |  8.4
Dodging        | 1 2 4 5 6 |  6.2
Fighting       | 4 5 6 |  6.0
Stealth        | 1 |  1.6

Action                   |  1- 3 |  4- 6 |  7- 9 | 10-12 || total
-------------------------+-------+-------+-------+-------++-------
Melee: Long sword        |    95 |   166 |   581 |       ||   842
       Great sword       |       |       |    29 |   129 ||   158
 Abil: Dig               |       |       |       |     3 ||     3
  Use: Potion            |       |     1 |     8 |     2 ||    11
       Scroll            |       |       |    10 |       ||    10
 Stab: Sleeping          |       |       |     1 |       ||     1
  Eat: Chunk             |     1 |     4 |     8 |       ||    13
       Ration            |       |       |     4 |     1 ||     5
Armor: Scale mail        |    36 |    79 |   106 |       ||   221
       Leather armour    |       |       |   124 |    12 ||   136
Dodge: Dodged            |    34 |    46 |   282 |    34 ||   396
Block: Shield            |    52 |    78 |   357 |    47 ||   534
       Rpst.: Long sword |     8 |    20 |    81 |       ||   109
       Great sword       |       |       |    10 |    14 ||    24
